AoeStats
← Thewanderero

Coastal Forest

503262554Analyzed
4v4 RM · 1mo ago on Aug 30, 2026· 40m 48s· 8 players
Game mode
Random Map
Map size
Large (8 player)
Population
200
Speed
Normal
Resources
Standard
Victory
Conquest
Starting age
Dark Age
Ending age
Imperial Age
RankedLock teamsTeams togetherTeam positionsShared explorationLock speedFull tech treeHidden civsTurbo modeCheats
Victory
Defeat
🇦🇷 Khmer · Argentina
1184
+13
🇬🇧 Khitans · United Kingdom
1172
+13
🇹🇷 Dravidians · Türkiye
1170
+13
🇬🇧 Cumans · United Kingdom
1154
+14
🇺🇸 Lithuanians · United States
1134
-14
🇪🇨 Georgians · Ecuador
1130
-14
🇫🇷 Ethiopians · France
1100
-13
🇧🇾 Malay · Belarus
1099
-13
The Cheeky Crusader
9:59 Loom
11:46 Feudal Age
16:52 Castle Age
14:44 Double-Bit Axe
16:37 Bloodlines
16:35 Scale Barding Armor
16:40 Forging
33:04 Imperial Age
31:09 Fletching
32:23 Wheelbarrow
31:59 Pikeman
32:40 Squires
32:26 Arson
35:23 Chain Barding Armor
35:39 Iron Casting
35:09 Husbandry
34:29 Cavalier
34:56 Horse Collar
34:52 Elite Skirmisher
37:55 Tower Shields
38:43 Padded Archer Armor
38:39 Bodkin Arrow
39:44 Leather Archer Armor
39:24 Bodkin Arrow
Carot
12:51 Feudal Age
13:21 Double-Bit Axe
13:17 Horse Collar
16:36 Loom
18:51 Castle Age
17:57 Forging
20:16 Bow Saw
21:19 Crossbowman
23:30 Heavy Plow
25:46 Wheelbarrow
24:56 Town Watch
26:50 Sanctity
27:18 Fletching
27:25 Fishing Lines
30:17 Thumb Ring
30:44 Hand Cart
35:36 Imperial Age
37:34 Arbalester
40:25 Ballistics
41:06 Chemistry
StaidWinner3432
10:11 Feudal Age
9:12 Loom
11:25 Town Watch
12:31 Man-at-Arms
16:36 Horse Collar
16:42 Double-Bit Axe
21:35 Gold Mining
25:13 Castle Age
23:52 Scale Mail Armor
24:31 Fletching
25:46 Wheelbarrow
25:31 Forging
25:37 Pikeman
26:17 Squires
36:38 Bow Saw
36:21 Stone Mining
37:09 Wheelbarrow
36:46 Bodkin Arrow
Thewanderero
10:26 Loom
12:50 Feudal Age
13:03 Double-Bit Axe
17:39 Castle Age
17:09 Stone Mining
17:09 Gold Mining
17:55 Bow Saw
19:25 Town Watch
21:10 Fishing Lines
22:15 Gillnets
26:02 Wheelbarrow
27:21 Hand Cart
28:12 Stone Shaft Mining
28:12 Gold Shaft Mining
30:54 Scale Barding Armor
30:59 Forging
32:15 Husbandry
33:03 Iron Casting
32:14 Horse Collar
36:56 Imperial Age
37:42 Blast Furnace
36:11 Elite Battle Elephant
38:00 Squires
37:20 Pikeman
biodegradable plastic
3:07 Loom
11:07 Feudal Age
12:30 Double-Bit Axe
14:04 Forging
21:06 Gold Mining
23:38 Scale Barding Armor
25:40 Castle Age
24:27 Scale Barding Armor
24:24 Domestication
25:42 Light Cavalry
27:10 Iron Casting
28:51 Wheelbarrow
33:06 Hand Cart
35:40 Chain Barding Armor
35:18 Stone Mining
35:49 Husbandry
38:05 Stone Shaft Mining
40:30 Imperial Age
39:36 Bow Saw
The Laughing Storm
10:13 Feudal Age
17:55 Castle Age
16:04 Double-Bit Axe
17:51 Horse Collar
19:42 Wheelbarrow
19:21 Stone Mining
21:02 Bow Saw
21:26 Gold Mining
22:14 Scale Barding Armor
23:38 Bloodlines
23:35 Heavy Plow
24:38 Chain Barding Armor
25:55 Forging
26:25 Gold Shaft Mining
26:47 Hand Cart
28:02 Steppe Husbandry
29:10 Iron Casting
28:43 Loom
35:22 Imperial Age
35:33 Fletching
36:23 Bodkin Arrow
36:13 Elite Steppe Lancer
37:47 Plate Barding Armor
38:12 Blast Furnace
38:55 Conscription
logibll777
10:52 Feudal Age
11:52 Loom
16:38 Castle Age
16:44 Double-Bit Axe
17:44 Bow Saw
18:25 Gold Mining
22:03 Fletching
23:06 Wheelbarrow
23:12 Horse Collar
23:30 Town Watch
25:38 Thumb Ring
27:23 Ballistics
29:12 Hand Cart
32:50 Imperial Age
31:44 Devotion
32:09 Heavy Plow
33:28 Bodkin Arrow
33:36 Bodkin Arrow
33:46 Elite Elephant Archer
35:13 Stone Mining
36:28 Two-Man Saw
35:30 Bracer
36:50 Chemistry
36:56 Siege Elephant
40:23 Conscription
Matias
9:18 Loom
13:31 Feudal Age
13:37 Feudal Age
16:29 Castle Age
15:34 Scale Barding Armor
17:01 Forging
17:05 Bloodlines
17:44 Chain Barding Armor
19:43 Iron Casting
21:24 Husbandry
22:52 Wheelbarrow
26:50 Double-Bit Axe
31:32 Imperial Age
32:11 Bow Saw
31:48 Cavalier
33:41 Chemistry
32:50 Siege Engineers
35:42 Chemistry
36:25 Plate Barding Armor
36:50 Blast Furnace
37:11 Light Cavalry
37:47 Gold Mining
38:15 Hand Cart
40:29 Blast Furnace
Connection lost

Rejoining the realm…

Still unreachable

The connection could not be restored.

Session expired

The server has moved on; the page needs a fresh start.